Map: 2000 Atmospheres LE

Players

AGOElazer (Elazer) - Winner!

  • Race: Zerg Zerg
  • League: Grandmaster

PtitDrogo

  • Race: Protoss Protoss
  • League: Grandmaster

Event: DreamHack SC2 Masters 2021 Summer

VOD

Have the link to the VOD?

Description

Time

  • Played on: May 28, 2021, 1:52 p.m.
  • Length: 17:47

All games in this series

Show
View Real Time Build Order
Export as new Build Order

AGOElazer Zerg - Winner!

Build Orders: Hatch First, Swarm Host 

Get SALT Encoding   

  12  0:00  Drone  
  13  0:12  Overlord  
  13  0:16  Drone  
  14  0:30  Drone x2  
  16  0:41  Drone  
  17  0:51  Hatchery  
  17  0:54  Drone  
  17  0:58  Drone  
  18  1:08  Extractor  
  17  1:12  Spawning Pool  
  17  1:15  Drone  
  17  1:18  Drone  
  18  1:28  Drone  
  19  1:39  Drone  
  20  1:52  Overlord  
  20  2:00  Queen  
  22  2:03  Drone, Queen  
  22  2:04  Zergling x2  
  26  2:13  Metabolic Boost  
  26  2:14  Zergling x2  
  26  2:15  Drone  
  28  2:22  Drone  
  29  2:24  Drone  
  30  2:32  Drone  
  30  2:35  Drone  
  32  2:39  Hatchery  
  31  2:44  Queen  
  31  2:49  Overlord  
  33  2:57  Drone  
  34  3:02  Queen  
  34  3:03  Overlord  
  36  3:10  Drone x2  
  36  3:11  Drone x2  
  40  3:15  Drone x3  
  40  3:17  Drone  
  44  3:25  Drone  
  44  3:26  Queen  
  47  3:28  Drone x2  
  47  3:33  Drone x2  
  51  3:38  Spore Crawler  
  50  3:42  Overlord  
  50  3:43  Zergling x4  
  52  3:50  Drone x2  
  54  3:57  Drone  
  54  4:02  Roach Warren  
  54  4:06  Overlord  
  54  4:07  Zergling x2  
  54  4:08  Zergling x6  
  58  4:10  Queen  
  58  4:14  Overlord  
  58  4:15  Zergling x8  
  64  4:21  Spore Crawler  
  63  4:26  Zergling x6  
  63  4:30  Overlord  
  66  4:32  Overlord  
  66  4:34  Overlord  
  66  4:38  Overlord  
  60  4:47  Drone x5, Overlord  
  60  4:48  Drone x4  
  68  4:57  Drone x2  
  68  4:58  Queen  
  71  5:03  Overlord  
  77  5:07  Roach x4  
  77  5:12  Roach  
  81  5:15  Lair  
  81  5:18  Extractor  
  81  5:19  Extractor  
  81  5:21  Extractor  
  78  5:22  Overlord  
  78  5:23  Roach x3  
  82  5:33  Overlord  
  80  5:36  Drone x7  
  87  5:44  Drone x6  
  93  5:55  Drone x3  
  96  6:03  Extractor  
  95  6:04  Extractor  
  95  6:08  Overlord  
  95  6:10  Drone x2  
  96  6:13  Drone x3  
  96  6:16  Hatchery  
  96  6:18  Overlord, Glial Reconstitution  
  98  6:21  Drone x5  
  98  6:22  Drone x3, Infestation Pit  
  105  6:35  Roach x3  
  105  6:36  Overseer  
  111  6:40  Overseer  
  111  6:41  Roach  
  113  6:54  Overlord x2  
  113  7:06  Swarm Host x8  
  136  7:11  Overlord  
  136  7:12  Overlord  
  136  7:13  Swarm Host x2  
  142  7:19  Roach  
  142  7:20  Spine Crawler, Roach x3  
  148  7:25  Overlord x2  
  148  7:32  Roach x6  
  148  7:36  Evolution Chamber  
  159  7:40  Overlord  
  159  7:41  Roach x5  
  168  7:58  Swarm Host x5  
  168  8:04  Roach x3  
  177  8:20  Overlord  
  177  8:22  Ravager x4  
  181  8:28  Zerg Missile Weapons Level 1  
  181  8:31  Extractor  
  181  8:33  Extractor  
  176  8:36  Hatchery, Roach  
  176  8:37  Roach x3  
  183  8:45  Ravager  
  183  8:46  Roach  
  183  8:47  Overlord  
  183  8:56  Overlord x2  
  183  9:02  Roach x3  
  183  9:08  Roach x10  
  191  9:13  Roach  
  191  9:15  Ravager  
  191  9:16  Roach x3  
  194  9:29  Roach x11  
  195  9:35  Roach x5  
  185  9:41  Roach x4  
  180  9:47  Roach  
  180  9:51  Roach  
  176  9:53  Ravager  
  176  9:54  Ravager x3  
  176  9:57  Roach x5  
  192  10:07  Roach x4  
  192  10:13  Hatchery, Roach  
  194  10:31  Roach x6  
  182  10:37  Roach x11  
  197  10:45  Roach x3  
  197  10:55  Roach  
  197  10:56  Roach x5  
  198  11:03  Swarm Host x2  
  176  11:06  Swarm Host  
  147  11:11  Overseer  
  147  11:13  Pneumatized Carapace  
  147  11:18  Roach x5  
  147  11:22  Extractor  
  147  11:24  Extractor  
  143  11:27  Overseer x2  
  143  11:28  Zergling x20  
  143  11:32  Zerg Missile Weapons Level 2  
  153  11:34  Hatchery  
  153  11:38  Ravager  
  153  11:39  Drone x4  
  159  11:40  Drone x2  
  147  11:48  Roach x7  
  147  11:50  Roach  
  151  11:55  Roach x2  
  151  11:56  Roach  
  151  11:58  Overseer  
  152  12:07  Roach x3  
  159  12:11  Ravager  
  158  12:16  Roach x4  
  158  12:19  Ravager  
  165  12:25  Swarm Host x2  
  169  12:33  Zergling x16  
  169  12:35  Ravager x3  
  180  12:44  Roach x3  
  175  12:51  Drone  
  175  12:52  Drone x3  
  175  12:56  Ravager x3  
  182  13:04  Overlord x2  
  179  13:14  Roach  
  171  13:26  Roach x9  
  162  13:30  Roach x2  
  151  13:36  Roach x3  
  146  13:48  Roach x5  
  152  13:53  Ravager x3  
  152  13:54  Ravager  
  156  13:56  Ravager  
  156  13:57  Roach x2  
  156  14:02  Roach x2  
  165  14:11  Overseer  
  163  14:22  Roach  
  163  14:23  Roach x7  
  177  14:29  Roach  
  177  14:30  Roach x2  
  177  14:41  Roach x5  
  187  14:50  Roach  
  189  14:52  Overlord  
  189  15:03  Zergling x2  
  189  15:04  Zergling x2  
  189  15:05  Overlord x2  
  178  15:34  Roach x4  
  178  15:35  Roach x7  
  180  15:42  Overseer  
  153  15:44  Roach x4  
  153  15:46  Overseer  
  157  15:50  Drone x2  
  155  16:05  Zergling x16  
  155  16:09  Overseer x3  
  162  16:17  Hive  
  142  16:32  Roach x7  
  152  16:49  Roach x4  
  160  17:06  Zergling x8  
  163  17:23  Zergling x14  
Show
View Real Time Build Order
Export as new Build Order

PtitDrogo Protoss 

Build Orders: 1 Gate Expand, Archon Immortal, Archon Drop, Dark Templar Rush 

Get SALT Encoding   

  12  0:00  Probe  
  13  0:12  Probe  
  14  0:18  Pylon  
  14  0:24  Probe (Chrono Boost)  
  15  0:37  Probe (Chrono Boost)  
  15  0:39  Gateway  
  16  0:46  Probe (Chrono Boost)  
  17  0:51  Probe  
  17  0:52  Assimilator  
  18  1:04  Probe  
  19  1:16  Probe  
  20  1:27  Nexus  
  20  1:37  Cybernetics Core  
  20  1:39  Probe  
  21  1:45  Assimilator  
  21  1:51  Probe  
  21  1:52  Pylon  
  22  2:03  Probe  
  23  2:10  Adept (Chrono Boost)  
  23  2:13  Warp Gate  
  25  2:16  Probe (Chrono Boost)  
  26  2:23  Twilight Council  
  26  2:28  Probe (Chrono Boost)  
  27  2:32  Stalker  
  30  2:38  Probe (Chrono Boost)  
  30  2:42  Probe (Chrono Boost)  
  31  2:49  Probe x2 (Chrono Boost)  
  31  2:51  Robotics Facility  
  33  2:56  Probe  
  34  3:01  Probe  
  35  3:06  Gateway  
  35  3:09  Probe  
  36  3:13  Probe  
  37  3:20  Dark Shrine  
  37  3:23  Probe  
  37  3:25  Adept  
  37  3:26  Probe  
  41  3:29  Gateway  
  41  3:36  Warp Prism (Chrono Boost)  
  43  3:42  Pylon  
  43  3:45  Assimilator  
  43  3:46  Probe  
  44  3:49  Probe  
  44  3:54  Pylon  
  45  3:58  Probe  
  45  4:01  Probe  
  47  4:03  Adept x2  
  51  4:11  Probe  
  51  4:13  Probe  
  53  4:23  Probe  
  54  4:25  Probe  
  54  4:27  Assimilator  
  55  4:32  Dark Templar x2  
  55  4:33  Dark Templar  
  55  4:35  Probe  
  62  4:44  Probe  
  61  4:47  Probe  
  58  4:54  Archon  
  58  4:56  Probe  
  58  4:59  Probe  
  58  5:02  Nexus  
  58  5:04  Pylon, Dark Templar  
  58  5:05  Dark Templar  
  62  5:09  Archon  
  62  5:13  Pylon  
  62  5:18  Forge  
  62  5:20  Pylon  
  62  5:22  Probe x2, Observer (Chrono Boost)  
  62  5:27  Zealot  
  67  5:34  Probe x2, Immortal (Chrono Boost)  
  67  5:39  Sentry x2  
  75  5:45  Shield Battery  
  75  5:46  Probe x2  
  75  5:48  Pylon  
  77  5:52  Protoss Ground Weapons Level 1 (Chrono Boost)  
  77  5:58  Probe x2  
  77  6:02  Blink  
  77  6:03  Immortal (Chrono Boost)  
  83  6:06  Sentry  
  83  6:10  Probe x2  
  87  6:13  Pylon  
  87  6:20  Gateway  
  87  6:22  Probe  
  87  6:23  Probe x2  
  87  6:24  Gateway  
  90  6:31  Immortal (Chrono Boost)  
  94  6:35  Gateway  
  94  6:37  Gateway  
  94  6:39  Probe  
  95  6:41  Probe  
  96  6:49  Probe  
  96  6:51  Probe, Assimilator  
  96  6:52  Sentry x2  
  96  6:53  Pylon, Assimilator  
  102  6:59  Stalker  
  103  7:01  Gateway  
  103  7:02  Gateway  
  103  7:06  Immortal (Chrono Boost)  
  101  7:12  Pylon  
  101  7:15  Dark Templar  
  107  7:17  Probe  
  108  7:24  Stalker x2  
  108  7:25  Probe x2, Archon  
  108  7:29  Probe  
  115  7:34  Zealot  
  117  7:37  Probe  
  117  7:38  Zealot, Immortal (Chrono Boost)  
  124  7:44  Pylon  
  124  7:47  Pylon  
  124  7:50  Probe  
  124  7:51  Protoss Ground Weapons Level 2 (Chrono Boost)  
  123  7:54  Stalker x2  
  123  7:55  Stalker x3  
  129  8:14  Immortal  
  129  8:18  Probe  
  129  8:19  Probe  
  130  8:20  Stalker x4  
  135  8:43  Probe  
  136  8:51  Stalker x5  
  146  8:56  Nexus  
  146  9:07  Immortal  
  146  9:10  Stalker  
  138  9:17  Stalker x2  
  138  9:18  Stalker x2  
  138  9:19  Stalker  
  138  9:36  Stalker x4  
  130  9:50  Stalker x5  
  140  9:55  Observer (Chrono Boost)  
  140  9:57  Pylon, Protoss Ground Weapons Level 3 (Chrono Boost)  
  141  10:00  Stalker x3  
  141  10:06  Probe  
  148  10:08  Observer (Chrono Boost)  
  148  10:11  Probe  
  148  10:12  Pylon  
  150  10:15  Probe  
  150  10:19  Stalker  
  150  10:20  Stalker x5  
  154  10:31  Stalker  
  154  10:32  Stalker x2  
  154  10:35  Probe x2  
  143  10:37  Probe  
  143  10:39  Probe  
  122  10:45  Dark Templar x3  
  122  10:47  Probe  
  122  10:48  Probe  
  109  10:58  Stalker x4  
  107  11:17  Stalker x3  
  109  11:21  Nexus, Dark Templar  
  111  11:27  Pylon  
  111  11:33  Archon  
  111  11:35  Dark Templar  
  111  11:36  Sentry, Stalker x3  
  117  11:49  Stalker x3  
  117  12:00  Stalker x4  
  125  12:17  Probe  
  125  12:18  Stalker x5  
  136  12:24  Stalker  
  136  12:25  Stalker  
  140  12:31  Archon  
  140  12:33  Dark Templar x2  
  140  12:36  Protoss Ground Armor Level 1 (Chrono Boost)  
  144  12:39  Archon  
  144  12:49  Immortal (Chrono Boost)  
  146  12:52  Stalker  
  146  12:53  Stalker x2  
  146  12:56  Zealot  
  152  12:59  Zealot x3  
  158  13:06  Stalker x2  
  158  13:25  Stalker x6  
  158  13:26  Probe  
  135  13:30  Stalker x3  
  113  13:47  Robotics Bay  
  103  13:52  Dark Templar  
  103  13:55  Immortal (Chrono Boost), Assimilator  
  105  13:57  Shield Battery  
  105  13:58  Robotics Facility  
  105  14:02  Zealot x5  
  115  14:22  Stalker x3  
  115  14:23  Zealot x5  
  121  14:25  Dark Templar  
  108  14:34  Probe  
  108  14:37  Disruptor (Chrono Boost)  
  106  14:47  Disruptor (Chrono Boost)  
  106  14:48  Pylon  
  106  14:55  Sentry  
  106  14:57  Stalker x2  
  100  15:18  Disruptor  
  104  15:24  Stalker  
  98  15:35  Dark Templar x2  
  82  15:40  Probe  
  78  15:53  Disruptor (Chrono Boost)  
  81  15:59  Stalker x2  
  74  16:18  Probe x2  
  76  16:27  Dark Templar  
  78  16:37  Dark Templar  
  76  16:50  Assimilator  
  79  17:03  Observer (Chrono Boost)  
  79  17:04  Archon  
  79  17:05  Dark Templar x2  
  81  17:09  Archon  
Tags
 
Add a new tag
Caveats
  • Supply blocks, unpowered buildings, or Contaminate may cause inaccurate times.
  • Supply counts are checked every 10 seconds.